PCL
NEW ORLEANS ZEPHYRS @ RENO ACES
08/14/2099
 
TOP OF THE 1ST
New Orleans Zephyrs batting - Pitching for Reno Aces : RHP Matt O'Bryan
Pitching: RHP Matt O'Bryan
Batting: RHB Nick Allen 0-0: Ball
1-0: Called Strike
1-1: Fly out, F9 (Flyball, 9S, EV 95.0 MPH)
Batting: SHB Melvin Amezcua 0-0: Swinging Strike
0-1: Swinging Strike
0-2: Foul Ball, location: 7LSF
0-2: Ball
1-2: Ball
2-2: Ball
3-2: Foul Ball, location: 2F
3-2: Foul Ball, location: 2F
3-2: Foul Ball, location: 3FF
3-2: DOUBLE (Flyball, 89D, EV 98.8 MPH)
Batting: RHB James Austill 0-0: SINGLE (Groundball, 6S, EV 81.3 MPH)
Melvin Amezcua to third
Batting: SHB Akira Nagata 0-0: Called Strike
0-1: Foul Ball, location: 3F
0-2: Foul Ball, location: 7LSF
0-2: Foul Ball, location: 2F
0-2: Ball
1-2: Strikes out swinging
Batting: LHB Rick Alvarez 0-0: Ball
1-0: Ball
2-0: Ball
3-0: Called Strike
3-1: SINGLE (Line Drive, 34, EV 95.0 MPH)
Melvin Amezcua scores
James Austill to second
Batting: SHB Everett Anderson 0-0: Called Strike
0-1: Called Strike
0-2: DOUBLE (Line Drive, 7LM, EV 90.6 MPH)
James Austill scores
Rick Alvarez to third
Batting: LHB Antonio Aviles 0-0: Fly out, F8 (Line Drive, 8RD, EV 84.4 MPH)
Top of the 1st over - 2 runs, 4 hits, 0 errors, 2 left on base; New Orleans 2 - Reno 0
BOTTOM OF THE 1ST
Reno Aces batting - Pitching for New Orleans Zephyrs : RHP Dave Arellano
Pitching: RHP Dave Arellano
Batting: LHB Josh Jessey 0-0: Ball
1-0: DOUBLE (Line Drive, 78D, EV 104.4 MPH)
Batting: RHB Jeff Sanfillipo 0-0: Ball
1-0: Called Strike
1-1: Ball
2-1: Ball
3-1: Called Strike
3-2: Strikes out swinging
Batting: RHB Thomas Montgomery 0-0: Ball
1-0: SINGLE (Groundball, 15S, EV 73.1 MPH) (infield hit)
Josh Jessey to third
Batting: SHB Macario Castro 0-0: Ball
1-0: Ball
2-0: Foul Ball, location: 2LF
2-1: Ball
3-1: 3-RUN HOME RUN (Flyball, 89XD, EV 113.1 MPH), Distance : 450 ft
Batting: RHB Santos Gamboa 0-0: Ball
1-0: Foul Ball, location: 5F
1-1: Ball
2-1: Called Strike
2-2: Ground out 6-3 (Groundball, 6, EV 79.4 MPH)
Batting: RHB Ron Ellis 0-0: Ball
1-0: Called Strike
1-1: Ground out 4-3 (Groundball, 4M, EV 103.8 MPH)
Bottom of the 1st over - 3 runs, 3 hits, 0 errors, 0 left on base; New Orleans 2 - Reno 3
TOP OF THE 2ND
New Orleans Zephyrs batting - Pitching for Reno Aces : RHP Matt O'Bryan
Batting: RHB Francisco Santana 0-0: Ball
1-0: Ball
2-0: Ball
3-0: Called Strike
3-1: Ground out 4-3 (Groundball, 4, EV 94.4 MPH)
Batting: LHB Malikai Dare 0-0: Ball
1-0: Called Strike
1-1: Swinging Strike
1-2: SINGLE (Line Drive, 4MD, EV 101.3 MPH)
Batting: RHB Nick Allen 0-0: TRIPLE (Line Drive, 78XD, EV 106.9 MPH)
Malikai Dare scores
Batting: SHB Melvin Amezcua 0-0: Foul Ball, location: 3FF
0-1: Foul Ball, location: 3F
0-2: Ball
1-2: Ball
2-2: Ball
3-2: Fly out, F7 (Flyball, 7LM, EV 90.6 MPH)
Runner from 3rd tags up, OUT at HOME! 7-2
Top of the 2nd over - 1 run, 2 hits, 0 errors, 0 left on base; New Orleans 3 - Reno 3
BOTTOM OF THE 2ND
Reno Aces batting - Pitching for New Orleans Zephyrs : RHP Dave Arellano
Batting: RHB Randy Steg 0-0: Ball
1-0: Ball
2-0: Ball
3-0: Called Strike
3-1: Foul Ball, location: 9LSF
3-2: Foul Ball, location: 3FF
3-2: Strikes out swinging
Batting: RHB Jim Unknown 0-0: Ball
1-0: Called Strike
1-1: Fly out, F8 (Flyball, 8RXD, EV 92.5 MPH)
Batting: LHB Jim Unknown 0-0: Called Strike
0-1: Ground out 3-1 (Groundball, 34, EV 91.9 MPH)
Bottom of the 2nd over - 0 runs, 0 hits, 0 errors, 0 left on base; New Orleans 3 - Reno 3
TOP OF THE 3RD
New Orleans Zephyrs batting - Pitching for Reno Aces : RHP Matt O'Bryan
Batting: RHB James Austill 0-0: Called Strike
0-1: Swinging Strike
0-2: SINGLE (Line Drive, 89S, EV 89.4 MPH)
Batting: SHB Akira Nagata 0-0: Called Strike
0-1: Foul Ball, location: 2F
0-2: Ball
1-2: DOUBLE (Flyball, 89XD, EV 111.3 MPH)
James Austill to third
Batting: LHB Rick Alvarez 0-0: Foul Ball, location: 5F
0-1: Foul Ball, location: 7LSF
0-2: Ball
1-2: Ball
2-2: Foul Ball, location: 25FF
2-2: Foul Ball, location: 5F
2-2: Foul Ball, location: 9LSFF
2-2: Ground out 4-3 (Groundball, 4, EV 80.0 MPH)
James Austill scores
Akira Nagata to third
Batting: SHB Everett Anderson 0-0: Ball
1-0: Foul Ball, location: 9LSFF
1-1: Ball
2-1: Ground out 6-3 (Groundball, 56, EV 81.9 MPH)
Batting: LHB Antonio Aviles 0-0: Ball
1-0: Called Strike
1-1: SINGLE (Line Drive, 7LS, EV 95.6 MPH)
Akira Nagata scores
Batting: RHB Francisco Santana 0-0: Called Strike
Antonio Aviles steals 2nd base
0-1: DOUBLE (Groundball, 5L, EV 100.6 MPH)
Antonio Aviles scores
Pitching: RHP Jim Unknown
Batting: LHB Malikai Dare 0-0: Foul Ball, location: 3SF
0-1: Ball
1-1: Called Strike
1-2: Ball
2-2: Fly out, F9 (Flyball, 9, EV 88.8 MPH)
Top of the 3rd over - 3 runs, 4 hits, 0 errors, 1 left on base; New Orleans 6 - Reno 3
BOTTOM OF THE 3RD
Reno Aces batting - Pitching for New Orleans Zephyrs : RHP Dave Arellano
Batting: LHB Josh Jessey 0-0: DOUBLE (Flyball, 78XD, EV 105.6 MPH)
Batting: RHB Jeff Sanfillipo 0-0: Ball
1-0: Ground out 4-3 (Groundball, 4, EV 95.6 MPH)
Josh Jessey to third
Batting: RHB Thomas Montgomery 0-0: Called Strike
0-1: Ball
1-1: 2-RUN HOME RUN (Flyball, 78XD, EV 101.9 MPH), Distance : 414 ft
Batting: SHB Macario Castro 0-0: Called Strike
0-1: Ball
1-1: Fly out, F5 (Popup, 56S, EV 71.9 MPH)
Batting: RHB Santos Gamboa 0-0: Ball
1-0: Called Strike
1-1: Ball
2-1: Foul Ball, location: 7LSFF
2-2: Ball
3-2: Strikes out swinging
Bottom of the 3rd over - 2 runs, 2 hits, 0 errors, 0 left on base; New Orleans 6 - Reno 5
TOP OF THE 4TH
New Orleans Zephyrs batting - Pitching for Reno Aces : RHP Jim Unknown
Batting: RHB Nick Allen 0-0: Ball
1-0: Fly out, F7 (Flyball, 78S, EV 90.6 MPH)
Batting: SHB Melvin Amezcua 0-0: Ball
1-0: Ball
2-0: Ball
3-0: Called Strike
3-1: Called Strike
3-2: Ground out 4-3 (Groundball, 4, EV 109.4 MPH)
Batting: RHB James Austill 0-0: Ball
1-0: Called Strike
1-1: SINGLE (Line Drive, 34D, EV 94.4 MPH)
Batting: SHB Akira Nagata 0-0: Ball
1-0: Ball
2-0: Called Strike
2-1: Swinging Strike
2-2: Strikes out looking
Top of the 4th over - 0 runs, 1 hit, 0 errors, 1 left on base; New Orleans 6 - Reno 5
BOTTOM OF THE 4TH
Reno Aces batting - Pitching for New Orleans Zephyrs : RHP Dave Arellano
Batting: RHB Ron Ellis 0-0: Called Strike
0-1: Foul Ball, location: 9LSF
0-2: SINGLE (Groundball, 25, EV 65.6 MPH) (infield hit)
Batting: RHB Randy Steg 0-0: Ball
1-0: DOUBLE (Line Drive, 7LM, EV 106.9 MPH)
Ron Ellis to third
Batting: RHB Jim Unknown 0-0: Called Strike
0-1: Ball
1-1: Ball
2-1: Ball
3-1: Foul Ball, location: 2F
3-2: Strikes out swinging
Batting: LHB Jim Unknown 0-0: Called Strike
0-1: Ball
1-1: Ball
2-1: Called Strike
2-2: Strikes out swinging
Batting: LHB Josh Jessey 0-0: Called Strike
0-1: Ball
1-1: Ball
2-1: Ball
3-1: Base on Balls
Batting: RHB Jeff Sanfillipo 0-0: Ball
1-0: Swinging Strike
1-1: Ball
2-1: Swinging Strike
2-2: Foul Ball, location: 25F
2-2: SINGLE (Groundball, 6MD, EV 105.0 MPH)
Ron Ellis scores
Randy Steg to third
Josh Jessey to second
Runner from 3rd tries for Home, SAFE, throw by CF to home
Pitching: RHP Chris Gebhardt
Batting: RHB Thomas Montgomery 0-0: Called Strike
0-1: Ball
1-1: Fielders Choice at 2nd, 6-4 (Groundball, 56, EV 105.6 MPH)
Bottom of the 4th over - 2 runs, 3 hits, 0 errors, 2 left on base; New Orleans 6 - Reno 7
TOP OF THE 5TH
New Orleans Zephyrs batting - Pitching for Reno Aces : RHP Jim Unknown
Batting: LHB Rick Alvarez 0-0: Called Strike
0-1: Ball
1-1: Ground out U3 (Groundball, 34S, EV 76.3 MPH)
Batting: SHB Everett Anderson 0-0: Ball
1-0: Ball
2-0: Ground out 6-3 (Groundball, 6, EV 107.5 MPH)
Batting: LHB Antonio Aviles 0-0: Called Strike
0-1: Ground out 6-3 (Groundball, 56, EV 76.3 MPH)
Top of the 5th over - 0 runs, 0 hits, 0 errors, 0 left on base; New Orleans 6 - Reno 7
BOTTOM OF THE 5TH
Reno Aces batting - Pitching for New Orleans Zephyrs : RHP Chris Gebhardt
Batting: SHB Macario Castro 0-0: Ball
1-0: Called Strike
1-1: Fly out, F7 (Flyball, 78S, EV 90.6 MPH)
Batting: RHB Santos Gamboa 0-0: Ball
1-0: Foul Ball, location: 5FF
1-1: Ball
2-1: Called Strike
2-2: SINGLE (Flyball, 34D, EV 91.3 MPH)
Batting: RHB Ron Ellis 0-0: Called Strike
0-1: Foul Ball, location: 2F
0-2: Strikes out swinging
Batting: RHB Randy Steg 0-0: Ball
1-0: Foul Ball, location: 2F
1-1: Ball
2-1: Ball
3-1: Called Strike
3-2: Strikes out looking
Bottom of the 5th over - 0 runs, 1 hit, 0 errors, 1 left on base; New Orleans 6 - Reno 7
TOP OF THE 6TH
New Orleans Zephyrs batting - Pitching for Reno Aces : RHP Jim Unknown
Batting: RHB Francisco Santana 0-0: Called Strike
0-1: Ball
1-1: Foul Ball, location: 2F
1-2: Foul Ball, location: 3FF
1-2: Ball
2-2: SINGLE (Line Drive, 89S, EV 108.8 MPH)
Batting: LHB Malikai Dare 0-0: Called Strike
0-1: Called Strike
Francisco Santana steals 2nd base
0-2: Fly out, F9 (Flyball, 9, EV 80.0 MPH)
Batting: RHB Nick Allen 0-0: Ball
1-0: Ball
2-0: Ball
3-0: Called Strike
3-1: Base on Balls
Batting: SHB Melvin Amezcua 0-0: Ball
1-0: Swinging Strike
1-1: Called Strike
1-2: Ball
2-2: Ball
3-2: Foul Ball, location: 2F
3-2: Base on Balls
Francisco Santana to third
Nick Allen to second
Batting: RHB James Austill 0-0: Called Strike
0-1: Ball
1-1: Called Strike
1-2: Foul Ball, location: 9LDF
1-2: Foul Ball, location: 2F
1-2: Ball
2-2: SINGLE (Line Drive, 34D, EV 95.0 MPH)
Francisco Santana scores
Nick Allen to third
Melvin Amezcua to second
Pitching: RHP Jim Unknown
Batting: SHB Akira Nagata 0-0: Fly out, F8 (Flyball, 8LM, EV 100.6 MPH)
Throwing error, E8
Nick Allen scores
Melvin Amezcua to third
James Austill to second
Batting: LHB Rick Alvarez 0-0: Swinging Strike
0-1: Ground out 4-3 (Groundball, 4, EV 88.8 MPH)
Top of the 6th over - 2 runs, 2 hits, 1 error, 2 left on base; New Orleans 8 - Reno 7
BOTTOM OF THE 6TH
Reno Aces batting - Pitching for New Orleans Zephyrs : RHP Chris Gebhardt
Batting: RHB Jim Unknown 0-0: Called Strike
0-1: Foul Ball, location: 5F
0-2: Strikes out swinging
Batting: LHB Jim Unknown 0-0: Called Strike
0-1: Ball
1-1: Foul Ball, location: 23F
1-2: Foul Ball, location: 3F
1-2: Ball
2-2: Ground out U3 (Groundball, 3, EV 85.0 MPH)
Batting: LHB Josh Jessey 0-0: Swinging Strike
0-1: Foul Ball, location: 3F
0-2: Ball
1-2: Ground out 4-3 (Groundball, 34, EV 99.4 MPH)
Bottom of the 6th over - 0 runs, 0 hits, 0 errors, 0 left on base; New Orleans 8 - Reno 7
TOP OF THE 7TH
New Orleans Zephyrs batting - Pitching for Reno Aces : RHP Jim Unknown
Batting: SHB Everett Anderson 0-0: Ball
1-0: SINGLE (Line Drive, 78S, EV 103.1 MPH)
Batting: LHB Antonio Aviles 0-0: Ball
1-0: Ball
2-0: Ball
3-0: Called Strike
3-1: Base on Balls
Everett Anderson to second
Batting: RHB Francisco Santana 0-0: Ball
1-0: Ball
2-0: Fly out, F8 (Flyball, 8LD, EV 95.6 MPH)
Runner from 2nd tags up, SAFE at 3rd with throw by CF
Batting: LHB Malikai Dare 0-0: Ball
1-0: Ball
2-0: Called Strike
2-1: Fly out, F8 (Line Drive, 8LD, EV 98.8 MPH)
Runner from 3rd tags up, SCORES, throw by CF
Batting: RHB Nick Allen 0-0: Called Strike
0-1: Ball
1-1: Foul Ball, location: 5F
1-2: Fly out, F9 (Flyball, 9, EV 93.8 MPH)
Top of the 7th over - 1 run, 1 hit, 0 errors, 1 left on base; New Orleans 9 - Reno 7
BOTTOM OF THE 7TH
Reno Aces batting - Pitching for New Orleans Zephyrs : RHP Chris Gebhardt
Batting: RHB Jeff Sanfillipo 0-0: Ground out 6-3 (Groundball, 6, EV 76.9 MPH)
Batting: RHB Thomas Montgomery 0-0: Ball
1-0: Ball
2-0: Called Strike
2-1: Called Strike
2-2: Foul Ball, location: 5FF
2-2: Strikes out swinging
Batting: SHB Macario Castro 0-0: Ball
1-0: Called Strike
1-1: Swinging Strike
1-2: Ball
2-2: DOUBLE (Flyball, 78XD, EV 100.0 MPH)
Batting: RHB Santos Gamboa 0-0: Ball
1-0: Ball
2-0: Fly out, F9 (Flyball, 9S, EV 88.8 MPH)
Bottom of the 7th over - 0 runs, 1 hit, 0 errors, 1 left on base; New Orleans 9 - Reno 7
TOP OF THE 8TH
New Orleans Zephyrs batting - Pitching for Reno Aces : RHP Jim Unknown
Batting: SHB Melvin Amezcua 0-0: Ball
1-0: Foul Ball, location: 2F
1-1: Fly out, F8 (Flyball, 8RS, EV 90.6 MPH)
Batting: RHB James Austill 0-0: Fly out, F9 (Flyball, 9, EV 93.8 MPH)
Batting: SHB Akira Nagata 0-0: Foul Ball, location: 7LDF
0-1: Ball
1-1: Ball
2-1: Ball
3-1: Called Strike
3-2: Foul Ball, location: 2F
3-2: Fly out, F7 (Flyball, 7LS, EV 90.0 MPH)
Top of the 8th over - 0 runs, 0 hits, 0 errors, 0 left on base; New Orleans 9 - Reno 7
BOTTOM OF THE 8TH
Reno Aces batting - Pitching for New Orleans Zephyrs : RHP Chris Gebhardt
Batting: RHB Ron Ellis 0-0: Called Strike
0-1: Swinging Strike
0-2: Fly out, F9 (Flyball, 9D, EV 99.4 MPH)
Batting: RHB Randy Steg 0-0: Called Strike
0-1: Ball
1-1: Ball
2-1: SINGLE (Groundball, 56D, EV 102.5 MPH)
Pitching: LHP Ben Lyon
Pinch Hitting: LHB Chris Blackford 0-0: Ball
1-0: Foul Ball, location: 7LDF
1-1: Swinging Strike
1-2: Ball
2-2: Ground out 6-3 (Groundball, P, EV 86.9 MPH)
Randy Steg to second
Batting: LHB Jim Unknown 0-0: Ball
1-0: Ball
2-0: SINGLE (Line Drive, 89S, EV 100.6 MPH)
Randy Steg to third
Runner from 3rd tries for Home, SAFE, throw by CF to home
Jim Unknown to second
Batting: LHB Josh Jessey 0-0: DOUBLE (Line Drive, 9LS, EV 100.6 MPH)
Jim Unknown scores
Batting: RHB Jeff Sanfillipo 0-0: Fly out, F7 (Line Drive, 7S, EV 105.0 MPH)
Bottom of the 8th over - 2 runs, 3 hits, 0 errors, 1 left on base; New Orleans 9 - Reno 9
TOP OF THE 9TH
New Orleans Zephyrs batting - Pitching for Reno Aces : RHP Jim Unknown
Now in LF: Jim Unknown
Batting: LHB Rick Alvarez 0-0: Called Strike
0-1: Ball
1-1: Ball
2-1: Foul Ball, location: 2F
2-2: Foul Ball, location: 2F
2-2: Foul Ball, location: 2F
2-2: Foul Ball, location: 2F
2-2: Foul Ball, location: 5FF
2-2: Ball
3-2: Foul Ball, location: 5SF
3-2: SINGLE (Groundball, 34D, EV 104.4 MPH)
Batting: SHB Everett Anderson 0-0: Called Strike
0-1: Ball
1-1: Ball
2-1: Foul Ball, location: 2F
2-2: Ball
3-2: SINGLE (Flyball, 8RS, EV 96.3 MPH)
Rick Alvarez to second
Pitching: RHP Jim Unknown
Batting: LHB Antonio Aviles 0-0: Called Strike
0-1: Ball
1-1: Ball
2-1: Fly out, F7 (Line Drive, 7S, EV 91.3 MPH)
Pinch Hitting: LHB Joe Krause 0-0: Called Strike
0-1: Ball
Wild Pitch!
Rick Alvarez to third
Everett Anderson to second
1-1: Intentional Walk
Batting: LHB Malikai Dare 0-0: Called Strike
0-1: Ball
1-1: Ball
2-1: Foul Ball, location: 5FF
2-2: Ball
3-2: Fly out, F7 (Line Drive, 78M, EV 96.9 MPH)
Batting: RHB Nick Allen 0-0: Ball
1-0: Ball
2-0: Ball
3-0: Base on Balls
Rick Alvarez scores
Everett Anderson to third
Joe Krause to second
Batting: SHB Melvin Amezcua 0-0: Ball
1-0: Called Strike
1-1: Ball
2-1: Ball
Wild Pitch!
Everett Anderson scores
Joe Krause to third
Nick Allen to second
3-1: Base on Balls
Batting: RHB James Austill 0-0: Ball
1-0: Swinging Strike
1-1: Ball
2-1: Swinging Strike
2-2: Strikes out swinging
Top of the 9th over - 2 runs, 2 hits, 0 errors, 3 left on base; New Orleans 11 - Reno 9
BOTTOM OF THE 9TH
Reno Aces batting - Pitching for New Orleans Zephyrs : LHP Ben Lyon
Now at 1B: Alberto Arias
Now at 2B: Akira Nagata
Now at SS: Raul Gallegos
Batting: RHB Thomas Montgomery 0-0: Ball
1-0: Ball
2-0: Ball
3-0: Base on Balls
Batting: SHB Macario Castro 0-0: Called Strike
0-1: Foul Ball, location: 2F
0-2: Strikes out swinging
Batting: RHB Santos Gamboa 0-0: Called Strike
0-1: Ball
1-1: Called Strike
1-2: Grounds into double play, 6-4-3 (Groundball, 6, EV 88.1 MPH)
Bottom of the 9th over - 0 runs, 0 hits, 0 errors, 0 left on base; New Orleans 11 - Reno 9
Tuesday, May 14th , 2024 - OOTP Baseball 24.11 Build 85